 Dungeon Crawl Stone Soup version 0.20.1-1-g8b1a95d (webtiles) character file.

275 Internecine the Shooter (level 6, -11/52 HPs)
             Began as a Hill Orc Hunter on Sept 22, 2017.
             Was an Initiate of the Shining One.
             Mangled by an orc warrior
             ... wielding a +0 battleaxe
              (13 damage)
             ... on level 4 of the Dungeon.
             The game lasted 00:59:39 (3906 turns).

Internecine the Shooter (Hill Orc Hunter)           Turns: 3906, Time: 00:59:40

Health: -11/52     AC:  3    Str: 15    XL:     6   Next: 25%
Magic:  6/6        EV: 12    Int: 11    God:    the Shining One [......]
Gold:   35         SH:  0    Dex: 13    Spells: 5/5 levels left

rFire    + . .     SeeInvis +   a - +1 shortbow
rCold    . . .     Gourm    .   (shield currently unavailable)
rNeg     . . .     Faith    .   N - +0 leather armour
rPois    .         Spirit   .   (no helmet)
rElec    .         Reflect  .   (no cloak)
rCorr    .         Harm     .   (no gloves)
MR       .....                  (no boots)
Stlth    +.........             (no amulet)
Regen    0.2/turn               e - ring of protection from fire
MPRegen  0.1/turn               B - ring of see invisible

@: glowing
A: no striking features
a: Renounce Religion


You were on level 4 of the Dungeon.
You worshipped the Shining One.
The Shining One was noncommittal.
You were not hungry.

You visited 1 branch of the dungeon, and saw 4 of its levels.

You collected 172 gold pieces.
You spent 137 gold pieces at shops.

Inventory:

Hand Weapons
 a - a +1 shortbow (weapon)
 b - a +0 short sword
 h - a +0 short sword
 u - a +0 dagger
 w - a +0 whip
 F - a +0 hunting sling
 L - a +0 quarterstaff
 P - a +0 whip
 U - a +0 hunting sling
 Y - a +0 hunting sling
Missiles
 d - 32 arrows (quivered)
 g - 7 poisoned needles
 i - 81 stones
 j - 12 sling bullets
 t - 10 tomahawks
 y - 11 bolts
 W - 5 curare-tipped needles
Armour
 n - a +0 leather armour
 p - a +0 chain mail
 v - a +0 ring mail
 x - a +0 ring mail
 J - a cursed -2 ring mail
 M - a +0 scale mail
 N - a +0 leather armour (worn)
 O - a +0 helmet
 Q - a +0 leather armour
 R - a +0 leather armour
 V - a cursed -1 ring mail
 X - a +0 ring mail
Jewellery
 e - a ring of protection from fire (left hand)
 s - an uncursed amulet of harm
 B - a ring of see invisible (right hand)
Wands
 K - a wand of iceblast (6/15)
Scrolls
 c - a scroll of blinking {unknown}
 k - 3 scrolls of enchant weapon {unknown}
 l - a scroll of fear {unknown}
 m - a scroll of random uselessness {unknown}
 o - 3 scrolls of recharging {unknown}
 q - 3 scrolls of identify {unknown}
 r - a scroll of magic mapping {unknown}
 E - a scroll of remove curse
 H - a scroll of teleportation {unknown}
Potions
 A - 3 potions of curing
 C - a potion of flight {unknown}
 G - 2 potions of might
 Z - a potion of mutation {unknown}
Comestibles
 f - 4 bread rations
 D - 2 royal jellies
 I - 2 chunks of flesh


   Skills:
 + Level 3.8 Fighting
 + Level 1.2 Short Blades
 + Level 5.5 Bows
 + Level 0.1 Throwing
 + Level 2.1 Armour
 + Level 1.9 Dodging
 + Level 0.8 Stealth


You had 5 spell levels left.
You didn't know any spells.

Dungeon Overview and Level Annotations

Branches:
Dungeon (4/15)
 Temple: D:4-7

Altars:
Ashenzari
The Shining One

Shops:
D:4 !*

Annotations:
D:2 Natasha


Message History

Evoking this partially-identified wand wasted a few charges.
The orc warrior hits you with a battleaxe.
Okay, then.
Firing (i - inventory. (,) - cycle):
d - 34 arrows (quivered)
Press: ? - help, Shift-Dir - straight line, f/p - orc warrior
Aim: an orc warrior, wielding a battleaxe and wearing a chain mail (heavily wounded, haloed)
You shoot an arrow. The arrow hits the orc warrior.
The orc warrior is severely wounded.
Firing (i - inventory. (,) - cycle):
d - 33 arrows (quivered)
Press: ? - help, Shift-Dir - straight line, f/p - orc warrior
Aim: an orc warrior, wielding a battleaxe and wearing a chain mail (severely wounded, haloed)
You shoot an arrow.
The arrow barely misses the orc warrior.
The orc warrior hits you with a battleaxe!!
* * * LOW HITPOINT WARNING * * *
You feel better.
The orc warrior hits you with a battleaxe!
* * * LOW HITPOINT WARNING * * *
The orc warrior hits you with a battleaxe!
You die...

.( ... #########
####...
#.......#
[......
##.####.#
..(.... #.# #.#
.(....$ #.#
#@##)....##
#.####.o()....(.
#...##.##.....##
#<..##.. ....##
#...##>.........
#...##.####.####
#######...##.#
.#
#.....'...##.# .
#.#####.†.##.#
..


You could see an orc warrior.

Vanquished Creatures
  A phantom (D:4)
  Natasha (D:2)
  6 adders
  6 worms
  3 dart slugs
  2 leopard geckos
  11 orcs
  9 bats
  2 giant cockroaches
  4 goblins
  7 hobgoblins
  4 jackals (D:3)
  3 kobolds
  3 quokkas
  A ball python (D:2)
  2 frilled lizards
  4 rats
69 creatures vanquished.

Notes
Turn   | Place    | Note
-------+----------+-------------------------------------------
     0 | D:1      | Internecine the Hill Orc Hunter began the quest for the Orb.
     0 | D:1      | Reached XP level 1. HP: 18/18 MP: 1/1
   462 | D:1      | Found a shattered altar of Ashenzari.
   738 | D:1      | Reached XP level 2. HP: 25/25 MP: 2/2
  1199 | D:2      | Reached skill level 4 in Bows
  1239 | D:2      | You fall through a shaft!
  1269 | D:3      | Reached XP level 3. HP: 30/30 MP: 3/3
  1342 | D:2      | Noticed Natasha
  1417 | D:2      | Killed Natasha
  1417 | D:2      | Reached XP level 4. HP: 23/38 MP: 4/4
  1674 | D:2      | Reached skill level 1 in Armour
  1683 | D:2      | Reached skill level 1 in Short Blades
  1754 | D:2      | Noticed Natasha
  1884 | D:2      | Found a glowing golden altar of the Shining One.
  1891 | D:2      | Became a worshipper of the Shining One
  2395 | D:3      | Reached XP level 5. HP: 44/45 MP: 5/5
  3289 | D:4      | Noticed a phantom
  3305 | D:4      | Killed a phantom
  3305 | D:4      | Reached skill level 5 in Bows
  3305 | D:4      | Reached XP level 6. HP: 29/52 MP: 6/6
  3615 | D:4      | Found Karufada's Distillery.
  3670 | D:4      | Bought a potion of heal wounds for 65 gold pieces
  3670 | D:4      | Bought a potion of curing for 39 gold pieces
  3727 | D:4      | Found Muuklept's General Store.
  3770 | D:4      | Bought a potion of curing for 33 gold pieces
  3890 | D:4      | Noticed an orc warrior
  3904 | D:4      | HP: 2/52 [orc warrior/battleaxe (14)]
  3906 | D:4      | Mangled by an orc warrior

Skill      XL: |  1  2  3  4  5  6 |
---------------+-------------------+-----
Bows           | 4 5 |  5.5
Fighting       | 3 |  3.8
Armour         | 1 2 |  2.1
Short Blades   | 1 |  1.2
Throwing       | |  0.1
Dodging        | |  1.9
Stealth        | |  0.8

Action                   |  1- 3 |  4- 6 || total
-------------------------+-------+-------++-------
Melee: Short sword       |     8 |   107 ||   115
 Fire: Shortbow          |    66 |    96 ||   162
       Hunting sling     |       |     1 ||     1
Throw: Stone             |    20 |     2 ||    22
Evoke: Wand              |       |     1 ||     1
  Use: Scroll            |     1 |       ||     1
       Potion            |     3 |     2 ||     5
  Eat: Chunk             |     1 |     5 ||     6
       Bread ration      |       |     1 ||     1
Armor: Leather armour    |     5 |     5 ||    10
       Chain mail        |    21 |    64 ||    85
Dodge: Dodged            |    34 |    58 ||    92
